| TOP OF THE 1ST |
|
Williamsport Crosscutters batting - Pitching for Salem-Keizer Volcanoes : RHP Allen Vesey
|
|
Pitching: RHP Allen Vesey
|
|
|
Batting: RHB Eddie Serna
|
0-0: Called Strike 0-1: Ball 1-1: Fly out, F7 (Flyball, 78M, EV 88.1 MPH)
|
|
Batting: LHB Ryan Young
|
0-0: Ball 1-0: Ground out U3 (Groundball, 3L, EV 88.8 MPH)
|
|
Batting: LHB Rich Kuehne
|
0-0: Called Strike 0-1: Hit by Pitch
|
|
Batting: LHB Jean-Claude Vanbiesbrouck
|
0-0: Called Strike 0-1: Foul Ball, location: 2F 0-2: Strikes out swinging
|
| Top of the 1st over - 0 runs, 0 hits, 0 errors, 1 left on base; Williamsport 0 - Salem-Keizer 0 |
| BOTTOM OF THE 1ST |
|
Salem-Keizer Volcanoes batting - Pitching for Williamsport Crosscutters : LHP Dan Luckhardt
|
|
Pitching: LHP Dan Luckhardt
|
|
|
Batting: RHB Andy Cunningham
|
0-0: Ball 1-0: Ball 2-0: Ball 3-0: Base on Balls
|
|
Batting: RHB Jonathan Davis
|
0-0: Ball Andy Cunningham is caught stealing 2nd base 2-4 1-0: SINGLE (Line Drive, 89S, EV 105.0 MPH)
|
|
Batting: RHB Adrian Martinelli
|
0-0: Fly out, F9 (Flyball, 89S, EV 90.6 MPH)
|
|
Batting: SHB Dan Hill
|
0-0: Fly out, F6 (Popup, 6MD, EV 46.9 MPH)
|
| Bottom of the 1st over - 0 runs, 1 hit, 0 errors, 1 left on base; Williamsport 0 - Salem-Keizer 0 |
| TOP OF THE 2ND |
|
Williamsport Crosscutters batting - Pitching for Salem-Keizer Volcanoes : RHP Allen Vesey
|
|
Batting: LHB Jason Duda
|
0-0: Called Strike 0-1: Foul Ball, location: 2F 0-2: Ball 1-2: Ball 2-2: Foul Ball, location: 2F 2-2: Strikes out looking
|
|
Batting: RHB Frank Ramirez
|
0-0: Called Strike 0-1: Ball 1-1: Swinging Strike 1-2: Ball 2-2: Ground out 6-3 (Groundball, 6, EV 83.1 MPH)
|
|
Batting: LHB Dennis French
|
0-0: Called Strike 0-1: Ball 1-1: Called Strike 1-2: Ball 2-2: Strikes out swinging
|
| Top of the 2nd over - 0 runs, 0 hits, 0 errors, 0 left on base; Williamsport 0 - Salem-Keizer 0 |
| BOTTOM OF THE 2ND |
|
Salem-Keizer Volcanoes batting - Pitching for Williamsport Crosscutters : LHP Dan Luckhardt
|
|
Batting: RHB Oscar Fausto
|
0-0: Ball 1-0: Ball 2-0: Foul Ball, location: 2F 2-1: Ground out 5-3 (Groundball, 5, EV 88.1 MPH)
|
|
Batting: RHB David Bibian
|
0-0: Ball 1-0: Fly out, F8 (Flyball, 8RM, EV 87.5 MPH)
|
|
Batting: RHB Matt Fabre
|
0-0: Foul Ball, location: 2F 0-1: Ball 1-1: Ground out 6-3 (Groundball, 56, EV 111.2 MPH)
|
| Bottom of the 2nd over - 0 runs, 0 hits, 0 errors, 0 left on base; Williamsport 0 - Salem-Keizer 0 |
| TOP OF THE 3RD |
|
Williamsport Crosscutters batting - Pitching for Salem-Keizer Volcanoes : RHP Allen Vesey
|
|
Batting: RHB Allen Deschamps
|
0-0: Called Strike 0-1: Called Strike 0-2: Strikes out swinging, 2-3 out at first.
|
|
Batting: RHB Rafael Soto
|
0-0: Ball 1-0: Ball 2-0: Called Strike 2-1: Ball 3-1: Swinging Strike 3-2: Foul Ball, location: 2F 3-2: Base on Balls
|
|
Batting: RHB Eddie Serna
|
0-0: Called Strike 0-1: Ball 1-1: Called Strike 1-2: Fly out, F3 (Popup, 3SF, EV 85.0 MPH)
|
|
Batting: LHB Ryan Young
|
0-0: Ball 1-0: Ball Rafael Soto is caught stealing 2nd base 2-6
|
| Top of the 3rd over - 0 runs, 0 hits, 0 errors, 0 left on base; Williamsport 0 - Salem-Keizer 0 |
| BOTTOM OF THE 3RD |
|
Salem-Keizer Volcanoes batting - Pitching for Williamsport Crosscutters : LHP Dan Luckhardt
|
|
Batting: SHB Curtis Thompson
|
0-0: Swinging Strike 0-1: Ball 1-1: Ball 2-1: Foul Ball, location: 2F 2-2: DOUBLE (Groundball, 5L, EV 105.6 MPH)
|
|
Batting: RHB Ryan Roberts
|
0-0: Ball 1-0: Called Strike 1-1: Foul Ball, location: 2F 1-2: SINGLE (Groundball, 4MD, EV 109.4 MPH) (infield hit) Curtis Thompson to third
|
|
Batting: RHB Andy Cunningham
|
0-0: Grounds into double play, 5-4-3 (Groundball, 5, EV 81.2 MPH) Curtis Thompson scores
|
|
Batting: RHB Jonathan Davis
|
0-0: Ball 1-0: Ball 2-0: Ball 3-0: Base on Balls
|
|
Batting: RHB Adrian Martinelli
|
0-0: Ball 1-0: Ball 2-0: Ball 3-0: Base on Balls Jonathan Davis to second
|
|
Batting: SHB Dan Hill
|
0-0: Ball 1-0: Swinging Strike 1-1: Ball 2-1: Foul Ball, location: 2F 2-2: Foul Ball, location: 2F 2-2: Ball 3-2: Ground out 6-3 (Groundball, 6, EV 81.9 MPH)
|
| Bottom of the 3rd over - 1 run, 2 hits, 0 errors, 2 left on base; Williamsport 0 - Salem-Keizer 1 |
| TOP OF THE 4TH |
|
Williamsport Crosscutters batting - Pitching for Salem-Keizer Volcanoes : RHP Allen Vesey
|
|
Batting: LHB Ryan Young
|
0-0: Fly out, F9 (Flyball, 9LS, EV 86.2 MPH)
|
|
Batting: LHB Rich Kuehne
|
0-0: Swinging Strike 0-1: Ground out 4-3 (Groundball, 34D, EV 102.5 MPH)
|
|
Batting: LHB Jean-Claude Vanbiesbrouck
|
0-0: Called Strike 0-1: Ball 1-1: Called Strike 1-2: Ball 2-2: Strikes out swinging
|
| Top of the 4th over - 0 runs, 0 hits, 0 errors, 0 left on base; Williamsport 0 - Salem-Keizer 1 |
| BOTTOM OF THE 4TH |
|
Salem-Keizer Volcanoes batting - Pitching for Williamsport Crosscutters : LHP Dan Luckhardt
|
|
Batting: RHB Oscar Fausto
|
0-0: SINGLE (Flyball, 78S, EV 95.0 MPH)
|
|
Batting: RHB David Bibian
|
0-0: Called Strike 0-1: Ball 1-1: Called Strike 1-2: SINGLE (Groundball, 6D, EV 99.4 MPH) Oscar Fausto to second
|
|
Batting: RHB Matt Fabre
|
0-0: Ball 1-0: Foul Ball, location: 2F 1-1: Ball 2-1: Fielders Choice at 2nd, 5-4 (Groundball, 56, EV 102.5 MPH) Oscar Fausto to third
|
|
Batting: SHB Curtis Thompson
|
0-0: DOUBLE (Line Drive, 9LM, EV 93.8 MPH) Oscar Fausto scores Matt Fabre to third Runner from 3rd tries for Home, SAFE, throw by RF to trailing runner, SAFE at third!
|
|
Batting: RHB Ryan Roberts
|
0-0: Called Strike 0-1: Ball 1-1: Ball 2-1: Foul Ball, location: 2F 2-2: Hit by Pitch
|
|
Batting: RHB Andy Cunningham
|
0-0: Called Strike 0-1: Foul Ball, location: 2F 0-2: Fielders Choice at 2nd, 4-6 (Groundball, 4, EV 103.1 MPH) Curtis Thompson scores
|
|
Batting: RHB Jonathan Davis
|
0-0: Swinging Strike 0-1: Ball Andy Cunningham is caught stealing 2nd base 2-4
|
| Bottom of the 4th over - 3 runs, 3 hits, 0 errors, 0 left on base; Williamsport 0 - Salem-Keizer 4 |
| TOP OF THE 5TH |
|
Williamsport Crosscutters batting - Pitching for Salem-Keizer Volcanoes : RHP Allen Vesey
|
|
Batting: LHB Jason Duda
|
0-0: Ball 1-0: Called Strike 1-1: Ball 2-1: Foul Ball, location: 2F 2-2: Ball 3-2: Strikes out swinging, 2-3 out at first.
|
|
Batting: RHB Frank Ramirez
|
0-0: Ball 1-0: Foul Ball, location: 2F 1-1: SINGLE (Groundball, 56S, EV 64.4 MPH) (infield hit)
|
|
Batting: LHB Dennis French
|
0-0: Called Strike 0-1: Foul Ball, location: 2F 0-2: Strikes out looking
|
|
Batting: RHB Allen Deschamps
|
0-0: Called Strike 0-1: Swinging Strike 0-2: Ball Pickoff Throw to First - Error! E1 Frank Ramirez to second 1-2: Strikes out looking
|
| Top of the 5th over - 0 runs, 1 hit, 1 error, 1 left on base; Williamsport 0 - Salem-Keizer 4 |
| BOTTOM OF THE 5TH |
|
Salem-Keizer Volcanoes batting - Pitching for Williamsport Crosscutters : LHP Dan Luckhardt
|
|
Batting: RHB Jonathan Davis
|
0-0: Ground out 5-3 (Groundball, 56S, EV 77.5 MPH)
|
|
Batting: RHB Adrian Martinelli
|
0-0: Ball 1-0: Ball 2-0: Called Strike 2-1: Ground out 6-3 (Groundball, 56D, EV 109.4 MPH)
|
|
Batting: SHB Dan Hill
|
0-0: Foul Ball, location: 2F 0-1: Called Strike 0-2: Ball 1-2: Ball 2-2: SINGLE (Groundball, 34D, EV 106.9 MPH)
|
|
Batting: RHB Oscar Fausto
|
0-0: Called Strike 0-1: Ball 1-1: Called Strike 1-2: Ball 2-2: Foul Ball, location: 2F 2-2: SINGLE (Line Drive, 4MD, EV 95.0 MPH) Dan Hill to second Runner from 2nd tries for 3rd, SAFE, throw by CF made to third
|
|
Batting: RHB David Bibian
|
0-0: DOUBLE (Line Drive, 9LS, EV 100.0 MPH) Dan Hill scores Oscar Fausto to third Runner from 3rd tries for Home, throw by RF and OUT! 9-4-2
|
| Bottom of the 5th over - 1 run, 3 hits, 0 errors, 1 left on base; Williamsport 0 - Salem-Keizer 5 |
| TOP OF THE 6TH |
|
Williamsport Crosscutters batting - Pitching for Salem-Keizer Volcanoes : RHP Allen Vesey
|
|
Now in LF: Mario Mendoza
|
|
|
Batting: RHB Rafael Soto
|
0-0: Called Strike 0-1: Called Strike 0-2: Ball 1-2: Fly out, F8 (Flyball, 8RS, EV 93.8 MPH)
|
|
Batting: RHB Eddie Serna
|
0-0: Called Strike 0-1: Fly out, F9 (Flyball, 9, EV 82.5 MPH)
|
|
Batting: LHB Ryan Young
|
0-0: Ball 1-0: Ball 2-0: Called Strike 2-1: Fly out, F8 (Flyball, 8RD, EV 102.5 MPH)
|
| Top of the 6th over - 0 runs, 0 hits, 0 errors, 0 left on base; Williamsport 0 - Salem-Keizer 5 |
| BOTTOM OF THE 6TH |
|
Salem-Keizer Volcanoes batting - Pitching for Williamsport Crosscutters : LHP Dan Luckhardt
|
|
Pitching: LHP Justin Thornton
|
|
|
Batting: RHB Matt Fabre
|
0-0: Called Strike 0-1: Ball 1-1: Foul Ball, location: 2F 1-2: Foul Ball, location: 2F 1-2: Ground out 6-3 (Groundball, 6, EV 106.9 MPH)
|
|
Batting: SHB Curtis Thompson
|
0-0: Swinging Strike 0-1: Ball 1-1: Ball 2-1: Foul Ball, location: 2F 2-2: Strikes out swinging
|
|
Batting: RHB Ryan Roberts
|
0-0: Ball 1-0: Ball 2-0: Ball 3-0: Base on Balls
|
|
Batting: RHB Andy Cunningham
|
0-0: Called Strike 0-1: Ball 1-1: Foul Ball, location: 2F 1-2: Foul Ball, location: 2F 1-2: Ball 2-2: Ball 3-2: Ground out 4-3 (Groundball, 34S, EV 85.0 MPH)
|
| Bottom of the 6th over - 0 runs, 0 hits, 0 errors, 1 left on base; Williamsport 0 - Salem-Keizer 5 |
| TOP OF THE 7TH |
|
Williamsport Crosscutters batting - Pitching for Salem-Keizer Volcanoes : RHP Allen Vesey
|
|
Batting: LHB Rich Kuehne
|
0-0: Called Strike 0-1: Foul Ball, location: 2F 0-2: Reached via error on a dropped throw from 1B, E1 (Groundball, 13, EV 79.4 MPH)
|
|
Batting: LHB Jean-Claude Vanbiesbrouck
|
0-0: Ball 1-0: Fly out, F9 (Flyball, 9LD, EV 89.4 MPH)
|
|
Batting: LHB Jason Duda
|
0-0: Ground out 5-3 (Groundball, 6S, EV 70.6 MPH) Rich Kuehne to second
|
|
Batting: RHB Frank Ramirez
|
0-0: Fly out, F8 (Flyball, 78S, EV 97.5 MPH)
|
| Top of the 7th over - 0 runs, 0 hits, 1 error, 1 left on base; Williamsport 0 - Salem-Keizer 5 |
| BOTTOM OF THE 7TH |
|
Salem-Keizer Volcanoes batting - Pitching for Williamsport Crosscutters : LHP Justin Thornton
|
|
Batting: RHB Jonathan Davis
|
0-0: Called Strike 0-1: SINGLE (Groundball, 34D, EV 101.9 MPH)
|
|
Batting: RHB Adrian Martinelli
|
0-0: Called Strike 0-1: Ball 1-1: Swinging Strike 1-2: Ball 2-2: Foul Ball, location: 2F 2-2: Foul Ball, location: 2F 2-2: Strikes out swinging
|
|
Pitching: RHP George Crousse
|
|
|
Batting: SHB Dan Hill
|
0-0: Ball 1-0: Hit by Pitch Jonathan Davis to second
|
|
Batting: RHB Oscar Fausto
|
0-0: Ball 1-0: Fly out, F9 (Flyball, 9S, EV 77.5 MPH)
|
|
Batting: RHB Mario Mendoza
|
0-0: Reached on error, E1 (Groundball, 13S, EV 73.8 MPH) Jonathan Davis to third Dan Hill to second
|
|
Batting: RHB Matt Fabre
|
0-0: Ball Wild Pitch! Jonathan Davis scores Dan Hill to third Mario Mendoza to second 1-0: Ball 2-0: Swinging Strike 2-1: Ground out 1-3 (Groundball, 13, EV 71.2 MPH)
|
| Bottom of the 7th over - 1 run, 1 hit, 1 error, 2 left on base; Williamsport 0 - Salem-Keizer 6 |
| TOP OF THE 8TH |
|
Williamsport Crosscutters batting - Pitching for Salem-Keizer Volcanoes : RHP Allen Vesey
|
|
Batting: LHB Dennis French
|
0-0: Ball 1-0: Ball 2-0: Called Strike 2-1: Foul Ball, location: 2F 2-2: Fly out, F1 (Popup, P, EV 85.6 MPH)
|
|
Pitching: RHP Joaquin Villalobos
|
|
|
Pinch Hitting: LHB Travis Hahn
|
0-0: Ball 1-0: Ball 2-0: Called Strike 2-1: Called Strike 2-2: Strikes out swinging
|
|
Batting: RHB Rafael Soto
|
0-0: Ball 1-0: Called Strike 1-1: Called Strike 1-2: Ball 2-2: Ground out 1-3 (Groundball, 13, EV 66.2 MPH)
|
| Top of the 8th over - 0 runs, 0 hits, 0 errors, 0 left on base; Williamsport 0 - Salem-Keizer 6 |
| BOTTOM OF THE 8TH |
|
Salem-Keizer Volcanoes batting - Pitching for Williamsport Crosscutters : RHP George Crousse
|
|
Now at SS: Bryant Dill
|
|
|
Batting: SHB Curtis Thompson
|
0-0: Foul Ball, location: 2F 0-1: Called Strike 0-2: DOUBLE (Flyball, 8LXD, EV 101.2 MPH)
|
|
Batting: RHB Ryan Roberts
|
0-0: Hit by Pitch
|
|
Batting: RHB Andy Cunningham
|
0-0: Called Strike 0-1: Ball 1-1: Foul Ball, location: 2F 1-2: Ball 2-2: Ball 3-2: Fly out, F3 (Popup, 3F, EV 65.6 MPH)
|
|
Batting: RHB Jonathan Davis
|
0-0: Fly out, F9 (Line Drive, 89S, EV 97.5 MPH)
|
|
Batting: RHB Adrian Martinelli
|
0-0: Ball 1-0: Ball 2-0: Called Strike 2-1: Called Strike 2-2: Fly out, F9 (Flyball, 89M, EV 93.8 MPH)
|
| Bottom of the 8th over - 0 runs, 1 hit, 0 errors, 2 left on base; Williamsport 0 - Salem-Keizer 6 |
| TOP OF THE 9TH |
|
Williamsport Crosscutters batting - Pitching for Salem-Keizer Volcanoes : RHP Joaquin Villalobos
|
|
Batting: RHB Eddie Serna
|
0-0: Called Strike 0-1: Ball 1-1: Ball 2-1: Swinging Strike 2-2: Strikes out swinging
|
|
Batting: LHB Ryan Young
|
0-0: Ball 1-0: Swinging Strike 1-1: Called Strike 1-2: Ground out U3 (Groundball, 34, EV 109.4 MPH)
|
|
Batting: LHB Rich Kuehne
|
0-0: Foul Ball, location: 2F 0-1: Called Strike 0-2: Strikes out looking
|
| Top of the 9th over - 0 runs, 0 hits, 0 errors, 0 left on base; Williamsport 0 - Salem-Keizer 6 |
|